 Dungeon Crawl Stone Soup version 0.19-a0 (webtiles) character file.

19 Loki the Ruffian (level 2, -6/27 HPs)
             Began as a Troll Warper on Apr 27, 2016.
             Killed from afar by a worker ant (15 damage)
             ... with an exploding inner flame
             ... hexed by the player character
             ... on level 4 of the Dungeon.
             The game lasted 00:02:24 (228 turns).

Loki the Ruffian (Troll Warper)                      Turns: 228, Time: 00:02:25

Health: -6/27      AC:  5    Str: 18    XL:     2   Next: 55%
Magic:  2/2        EV: 10    Int:  9    God:
Gold:   46         SH:  0    Dex:  9    Spells: 1 memorised, 2 levels left

rFire  + . .     SeeInvis .       - Unarmed
rCold  + . .     Gourm    +     a - +0 robe
rNeg   . . .     Faith    .     (no shield)
rPois  +         Spirit   .     (helmet restricted)
rElec  +         Dismiss  .     (no cloak)
rCorr  +         Reflect  .     (gloves unavailable)
SustAt .         Harm     .     (boots unavailable)
MR     .....                    (no amulet)
Stlth  +.........               (no ring)
                                (no ring)

@: resistant, not resistant to hostile enchantments, very unstealthy
A: unfitting armour, claws 3, fast metabolism 3, gourmand, regeneration 2,
shaggy fur 1, tough skin 2
a: no special abilities


You were on level 4 of the Dungeon.
You were very full.

You visited 1 branch of the dungeon, and saw 4 of its levels.

You collected 46 gold pieces.

Inventory:

Missiles
 d - 5 tomahawks of dispersal (quivered)
Armour
 a - a +0 robe (worn)
Scrolls
 c - a scroll of blinking
 e - a scroll of teleportation {unknown}
 g - a scroll of immolation
 i - a scroll of amnesia {unknown}
Potions
 j - a potion of curing {unknown}
 k - a potion of mutation {unknown}
 l - a potion of agility {unknown}
Books
 b - a book of Spatial Translocations

   Spells                             Type                      Level
   a - Apportation                    Translocation                1
   b - Blink                          Translocation                2
   c - Shroud of Golubria             Charms/Translocation         2
   d - Portal Projectile              Translocation                3
   e - Teleport Other                 Translocation                3
   f - Passage of Golubria            Translocation                4
Comestibles
 f - 2 bread rations


   Skills:
 - Level 1.5 Fighting
 - Level 0.8 Throwing
 - Level 1.9 Dodging
 + Level 3.2 Unarmed Combat
 - Level 1.2 Spellcasting
 - Level 2.1 Translocations


You had 2 spell levels left.
You knew the following spells:

 Your Spells              Type           Power        Failure   Level  Hunger
a - Apportation           Tloc           #.........   14%         1    ##.....


Dungeon Overview and Level Annotations

Branches:
Dungeon (4/15)
 Temple: D:4-7

Altars:
Ashenzari
Zin


Innate Abilities, Weirdness & Mutations

You are too large for most types of armour.
You have claws for hands.
Your metabolism is lightning-fast.
You like to eat raw meat.
You heal very quickly.
You are covered in fur (AC +1).
You have very tough skin (AC +2).


Message History

Drink which item? (? for menu, Esc to quit)
It was a potion of resistance.
You feel protected.
The worker ant bites you but does no damage.
You barely miss the worker ant. The worker ant closely misses you.
You scratch the worker ant.
The worker ant is lightly wounded.
The worker ant misses you.
The worker ant bites you but does no damage.
You scratch the worker ant.
The worker ant is moderately wounded.
The worker ant bites you but does no damage.
You claw the worker ant!
The worker ant is almost dead.
The worker ant barely misses you.
You claw the worker ant!
The worker ant explodes!
The fiery explosion engulfs you! You resist.
Ouch! That really hurt!
You die...

...8.._ .....
..... ._. ...
#§# #§# #@# #.#
#.# #.#
########†###.###
................
.........#######
########<.......
#.##.####


There were no monsters in sight!

Vanquished Creatures
  2 dart slugs
  A giant gecko (D:2)
  A bat (D:3)
  2 giant cockroaches
  2 goblins (D:1)
  A hobgoblin (D:2)
  A quokka (D:4)
  A giant newt (D:2)
  2 rats (D:1)
13 creatures vanquished.

Notes
Turn   | Place    | Note
--------------------------------------------------------------
     0 | D:1      | Loki the Troll Warper began the quest for the Orb.
     0 | D:1      | Reached XP level 1. HP: 19/19 MP: 1/1
    47 | D:1      | Reached XP level 2. HP: 21/27 MP: 2/2
    84 | D:2      | Reached skill level 3 in Unarmed Combat
   190 | D:3      | Noticed a black bear
   211 | D:4      | Found a shattered altar of Ashenzari.
   221 | D:4      | Found a glowing silver altar of Zin.
   228 | D:4      | Killed from afar by a worker ant

Vault maps used:
D:1:      lemuel_arrival_funnel
D:2:      first_bread, uniq_jessica
D:3:      uniq_iyjb
D:4:      minmay_door_path, grunt_temple_overflow_open,
          minmay_temple_entry_junction

Skill      XL: |  1  2 |
---------------+-------+-----
Unarmed Combat | 3 |  3.2
Fighting       | |  1.5
Throwing       | |  0.8
Dodging        | |  1.9
Spellcasting   | |  1.2
Translocations | |  2.1

Action                   || total
-------------------------++-------
Melee: Unarmed           ||    43
       Punch             ||     1
  Use: Scroll            ||     1
       Potion            ||     1
  Eat: Chunk             ||     4
       Beef jerky        ||     1
Armor: Robe              ||    66
Dodge: Dodged            ||   102
